Map: Winter's Gate LE

Players

Mez - Winner!

  • Race: Terran Terran
  • League: Master
  • Spawn Location: 5:00

moki

  • Race: Zerg Zerg
  • League: Master
  • Spawn Location: 11:00

VOD

Have the link to the VOD?

Description

Time

  • Played on: Aug. 31, 2019, 8:15 a.m.
  • Length: 16:17
Show
View Real Time Build Order
Export as new Build Order

Mez Terran - Winner!

Build Orders: Liberator Opening, Reaper Expand 

Get SALT Encoding   

  12  0:01  SCV  
  13  0:13  SCV  
  14  0:17  Supply Depot  
  14  0:25  SCV  
  15  0:38  SCV  
  15  0:40  Barracks  
  16  0:44  Refinery  
  16  0:50  SCV  
  17  1:02  SCV  
  18  1:14  SCV  
  19  1:27  Orbital Command, Reaper  
  20  1:40  Command Center  
  20  1:48  Supply Depot  
  20  1:53  SCV  
  21  1:59  Marine  
  22  2:11  SCV  
  22  2:12  Factory  
  23  2:16  Refinery  
  22  2:24  Bunker  
  22  2:25  Barracks Reactor  
  22  2:33  SCV  
  23  2:48  SCV  
  24  2:54  Orbital Command  
  22  3:06  Starport  
  22  3:10  Hellion  
  22  3:11  Hellion  
  24  3:14  SCV  
  25  3:21  Barracks Tech Lab  
  25  3:27  Liberator  
  25  3:34  Hellion  
  25  3:35  Hellion  
  25  3:36  SCV  
  33  3:51  SCV  
  34  4:04  Hellion x2  
  34  4:05  SCV  
  39  4:11  Stimpack  
  39  4:15  Orbital Command  
  39  4:17  SCV  
  40  4:27  Supply Depot  
  40  4:30  SCV  
  41  4:40  SCV  
  41  4:42  SCV  
  43  4:53  Supply Depot  
  43  5:01  Command Center, SCV x2  
  43  5:03  Supply Depot  
  45  5:13  SCV x2  
  41  5:24  Starport Reactor  
  41  5:25  SCV  
  41  5:26  SCV  
  41  5:31  Barracks  
  41  5:32  Barracks  
  41  5:33  Marine  
  42  5:37  Factory Reactor  
  42  5:38  SCV, Supply Depot  
  42  5:39  SCV  
  41  5:50  SCV  
  41  5:51  SCV  
  41  5:52  Marine  
  40  5:59  Combat Shield  
  39  6:10  Marine, Engineering Bay  
  40  6:11  Engineering Bay  
  40  6:12  SCV x2  
  40  6:14  Barracks x2, Orbital Command  
  42  6:19  Medivac  
  42  6:25  Factory Reactor  
  44  6:27  Marine  
  44  6:28  Refinery  
  44  6:30  Refinery  
  45  6:35  Marine x3  
  45  6:36  Marine  
  49  6:42  SCV x2  
  49  6:45  Marine  
  49  6:46  Medivac  
  54  6:49  Medivac  
  54  6:50  Terran Infantry Weapons Level 1  
  54  6:51  Terran Infantry Armor Level 1  
  54  6:53  Marine x2  
  58  6:54  SCV  
  58  6:59  SCV  
  60  7:02  SCV  
  60  7:04  Barracks Reactor  
  60  7:06  Marine x2, SCV, Barracks Reactor  
  60  7:07  Marine  
  65  7:10  Orbital Command  
  65  7:21  Marine, Supply Depot  
  65  7:22  Marine  
  67  7:24  Marine  
  67  7:25  Armory  
  67  7:29  Marine x2  
  70  7:31  SCV x2  
  70  7:35  Widow Mine x2  
  70  7:36  Medivac x2  
  80  7:38  SCV  
  80  7:39  Marine x2  
  80  7:42  Marine x5  
  80  7:43  SCV  
  89  7:51  Marine x2  
  91  7:53  Factory  
  91  7:54  SCV  
  91  7:55  SCV x2  
  91  7:57  Marine x2  
  83  8:07  Missile Turret  
  83  8:09  Widow Mine  
  83  8:10  Widow Mine  
  83  8:11  Missile Turret  
  85  8:12  Missile Turret  
  85  8:18  Missile Turret  
  85  8:25  Missile Turret  
  85  8:26  Missile Turret  
  85  8:27  SCV  
  85  8:28  Marine x6, SCV x2  
  88  8:36  Marine x3  
  88  8:40  SCV  
  79  8:46  Marine x6  
  77  8:54  Marine x3  
  78  8:58  Medivac  
  78  9:00  Orbital Command  
  78  9:01  Widow Mine x2  
  80  9:02  Factory Tech Lab  
  80  9:04  Marine  
  72  9:12  Terran Infantry Weapons Level 2  
  72  9:22  SCV x2  
  74  9:24  Marine x3  
  74  9:29  Missile Turret  
  77  9:36  SCV x3  
  80  9:46  Supply Depot  
  80  9:47  Supply Depot  
  80  9:48  SCV  
  80  9:49  SCV  
  80  9:50  Terran Infantry Armor Level 2  
  82  9:55  Widow Mine  
  82  9:56  Widow Mine  
  82  9:57  Thor  
  93  10:00  SCV x2  
  93  10:01  SCV  
  93  10:06  Marine x3  
  93  10:07  Marine x3  
  98  10:08  Marine x2  
  103  10:15  Supply Depot  
  103  10:20  Command Center, SCV x3  
  106  10:26  Widow Mine x2  
  106  10:27  Drilling Claws  
  110  10:30  Terran Vehicle And Ship Armor Level 1  
  110  10:32  Marine  
  110  10:33  Marine x6  
  117  10:37  Marine x2  
  117  10:38  Refinery  
  117  10:45  Thor  
  122  10:51  Barracks  
  122  10:52  Barracks  
  122  10:53  Barracks  
  122  10:58  Supply Depot  
  122  10:59  Supply Depot  
  122  11:00  Supply Depot  
  104  11:14  Marine x2  
  104  11:18  Marine x4  
  91  11:20  Widow Mine x2  
  91  11:23  Medivac x2  
  98  11:28  Widow Mine  
  98  11:30  Supply Depot  
  98  11:31  Supply Depot  
  98  11:32  SCV, Supply Depot  
  101  11:33  SCV x2  
  101  11:34  Supply Depot  
  103  11:41  Marine, Terran Infantry Weapons Level 3  
  103  11:42  Marine x8  
  103  11:44  SCV, Barracks Tech Lab  
  103  11:45  Barracks Tech Lab  
  113  11:51  Widow Mine  
  113  11:52  Widow Mine x2  
  113  11:53  Medivac  
  121  12:06  Sensor Tower  
  121  12:08  Missile Turret  
  121  12:09  Missile Turret  
  121  12:11  Planetary Fortress  
  121  12:20  Marauder x3  
  121  12:22  Marine, Barracks Tech Lab  
  127  12:23  Marine x7  
  127  12:26  Widow Mine x2  
  139  12:39  Supply Depot  
  139  12:40  Marine x4, Supply Depot  
  139  12:41  Marine, Marauder  
  139  12:42  Supply Depot  
  139  12:43  Supply Depot  
  134  12:59  Marine  
  134  13:00  Marine x10  
  134  13:02  Marine  
  114  13:16  SCV x4  
  114  13:17  Marine x5  
  114  13:18  Marine  
  123  13:21  Siege Tank, Widow Mine  
  123  13:24  Widow Mine  
  130  13:28  SCV  
  130  13:32  SCV  
  130  13:33  SCV x2  
  134  13:40  SCV  
  135  13:41  Marine x5  
  135  13:42  Marine  
  135  13:45  SCV  
  142  13:50  Refinery  
  142  13:54  Widow Mine x2  
  148  13:57  Siege Tank  
  149  14:18  Marauder x2  
  146  14:34  Marine  
  146  14:35  Marine x2, Marauder  
  146  14:36  Marine x6  
  146  14:38  Marine, Widow Mine x3  
  144  14:39  Marine  
  144  14:42  Medivac x2  
  146  14:52  Marine x3  
  147  14:53  Marine  
  147  14:54  Marine x2, Starport  
  147  14:55  Starport  
  147  14:59  Widow Mine  
  151  15:08  Marine x3, Marauder x3  
  151  15:10  Marine x3  
  151  15:11  Marine x2  
  151  15:12  Marine, Medivac  
  168  15:26  Marine x2  
  151  15:36  Viking  
  151  15:42  Viking  
  146  15:48  Widow Mine x2  
  138  15:57  Command Center  
  138  15:59  Marine x11, Command Center  
  149  16:05  Starport Tech Lab  
  149  16:09  Starport Reactor  
Show
View Real Time Build Order
Export as new Build Order

moki Zerg 

Build Orders: Pool First, Brood Lord Corruptor 

Get SALT Encoding   

  12  0:02  Drone  
  13  0:09  Drone  
  14  0:16  Drone, Extractor  
  14  0:24  Drone, Extractor  
  15  0:36  Spawning Pool  
  14  0:44  Overlord  
  14  0:49  Extractor  
  13  0:50  Drone  
  15  1:02  Drone x2  
  17  1:07  Drone  
  18  1:18  Drone  
  19  1:22  Queen  
  21  1:27  Metabolic Boost  
  21  1:46  Hatchery  
  20  1:52  Overlord  
  20  1:59  Zergling x2  
  20  2:00  Zergling x2  
  22  2:11  Drone  
  22  2:15  Queen  
  25  2:27  Overlord  
  25  2:31  Zergling x8  
  29  2:40  Overlord  
  28  3:21  Drone x8  
  28  3:22  Lair  
  36  3:32  Drone  
  37  3:43  Drone x3  
  37  3:46  Hatchery  
  39  3:54  Drone x5  
  44  3:57  Drone  
  44  3:58  Drone  
  46  4:03  Spore Crawler  
  46  4:05  Spore Crawler  
  44  4:12  Extractor  
  44  4:15  Drone x2, Extractor  
  44  4:16  Drone  
  45  4:17  Overlord  
  45  4:19  Extractor  
  45  4:20  Drone x2  
  45  4:22  Drone  
  47  4:30  Spire  
  46  4:31  Drone  
  46  4:35  Drone x2  
  46  4:38  Zergling x4  
  48  4:44  Queen  
  51  4:48  Zergling x2  
  51  4:49  Zergling x2  
  51  4:52  Zergling x4  
  55  4:59  Queen  
  57  5:01  Zergling x4  
  57  5:07  Zergling x2  
  57  5:08  Zergling x6  
  60  5:20  Queen  
  54  5:25  Zergling x2  
  54  5:26  Zergling x12  
  60  5:31  Drone  
  60  5:32  Drone x2  
  62  5:45  Drone x4  
  65  5:56  Drone  
  65  6:18  Overlord  
  65  6:19  Overlord x9  
  65  6:25  Zerg Flyer Weapons Level 1  
  64  6:41  Drone x5  
  64  6:44  Drone  
  64  6:45  Drone x4  
  74  6:48  Drone x3  
  74  6:49  Drone x3  
  80  7:00  Extractor  
  80  7:01  Drone x3  
  80  7:02  Extractor  
  80  7:05  Drone x2  
  80  7:06  Drone  
  84  7:14  Mutalisk  
  84  7:15  Mutalisk x2  
  90  7:18  Mutalisk x5  
  90  7:19  Mutalisk  
  102  7:23  Mutalisk  
  102  7:24  Mutalisk  
  102  7:27  Mutalisk  
  108  7:31  Mutalisk  
  108  7:32  Mutalisk  
  112  7:37  Mutalisk  
  112  7:41  Mutalisk x2  
  118  7:45  Mutalisk x3  
  118  8:06  Mutalisk  
  118  8:07  Mutalisk x2  
  124  8:19  Zerg Flyer Weapons Level 2  
  124  8:21  Zergling x2  
  124  8:22  Zergling x30  
  97  9:02  Zergling x2  
  98  9:03  Zergling x26  
  105  9:21  Hydralisk Den  
  105  9:23  Baneling Nest, Evolution Chamber  
  105  9:24  Mutalisk x8, Hatchery  
  117  9:37  Mutalisk  
  117  9:38  Mutalisk x2  
  123  9:46  Overlord  
  123  9:47  Overlord x2  
  123  9:48  Hatchery  
  123  9:50  Zerg Melee Weapons Level 1  
  122  9:54  Hydralisk x2  
  126  10:03  Muscular Augments  
  126  10:06  Zergling x16  
  134  10:09  Centrifical Hooks  
  134  10:14  Baneling x2  
  134  10:19  Overseer  
  134  10:20  Overseer  
  134  10:26  Drone x4  
  134  10:27  Pneumatized Carapace, Drone x3  
  141  10:41  Hydralisk  
  141  10:42  Hydralisk x4  
  151  10:44  Baneling  
  151  10:45  Baneling  
  127  11:14  Grooved Spines  
  113  11:24  Hydralisk x11  
  113  11:25  Hydralisk  
  133  11:28  Extractor  
  133  11:29  Drone x3  
  133  11:30  Drone, Extractor  
  133  11:31  Drone x2  
  137  11:36  Infestation Pit  
  136  11:43  Zergling x2  
  136  11:44  Zergling x10, Zerg Missile Weapons Level 1, Queen  
  136  11:45  Queen  
  146  11:49  Queen  
  148  11:55  Overlord x3  
  148  12:01  Spine Crawler  
  147  12:09  Hydralisk  
  147  12:10  Hydralisk x11  
  171  12:23  Hive  
  171  12:24  Overlord x3  
  171  12:34  Baneling x3  
  171  12:35  Baneling x9  
  100  13:09  Hydralisk, Zergling x2  
  100  13:10  Zergling x44  
  100  13:11  Zergling x2  
  111  13:26  Corruptor x10  
  125  13:27  Corruptor  
  133  13:38  Greater Spire  
  133  13:42  Hatchery  
  132  14:04  Zergling x2  
  132  14:05  Zergling x36  
  132  14:08  Baneling  
  132  14:09  Baneling x4  
  98  14:41  Zergling x18  
  98  14:42  Zergling x14  
  108  14:49  Brood Lord x4  
  108  14:51  Brood Lord  
  99  14:57  Brood Lord  
  100  15:03  Brood Lord  
  90  15:12  Brood Lord  
  91  15:22  Brood Lord  
  92  15:31  Brood Lord  
  81  15:53  Overseer  
  81  16:00  Zergling x18  
Tags
 
Add a new tag
Caveats
  • Supply blocks, unpowered buildings, or Contaminate may cause inaccurate times.
  • Supply counts are checked every 10 seconds.